 Dungeon Crawl Stone Soup version 0.20.1-1-g8b1a95d (webtiles) character file.

11068 OneorTwo the Spear-Bearer (level 11, -1/97 HPs)
             Began as a Centaur Fighter on Aug 3, 2017.
             Was a High Priest of Okawaru.
             Slain by Snorg (21 damage)
             ... on level 11 of the Dungeon.
             The game lasted 00:57:39 (12475 turns).

OneorTwo the Spear-Bearer (Centaur Fighter)        Turns: 12475, Time: 00:57:39

Health: -1/97      AC: 29    Str: 21    XL:     11   Next: 44%
Magic:  13/15      EV:  5    Int:  7    God:    Okawaru [*****.]
Gold:   515        SH:  0    Dex: 13    Spells: 10/10 levels left

rFire    . . .     SeeInvis .   X - +3 halberd (freeze)
rCold    . . .     Gourm    +   (shield currently unavailable)
rNeg     + . .     Faith    .   q - +0 plate armour {rPois}
rPois    +         Spirit   .   b - +0 helmet
rElec    .         Reflect  .   y - +0 cloak
rCorr    .         Harm     .   v - +2 pair of gloves "Riqats" {rPois Regen+ Dex+3}
MR       .....                  L - +0 centaur barding
Stlth    ..........             B - amulet of the gourmand
Regen    0.7/turn               G - +4 ring of protection
MPRegen  0.2/turn               s - ring of positive energy

@: heroism, very quick
A: hooves 3, deformed body, speed 2, tough skin 3
a: Heroism, Finesse, Renounce Religion


You were on level 11 of the Dungeon.
You worshipped Okawaru.
Okawaru was extremely pleased with you.
You were completely stuffed.

You visited 2 branches of the dungeon, and saw 12 of its levels.
You also visited: Ossuary and Bailey.

You collected 515 gold pieces.

Inventory:

Hand Weapons
 w - a +0 shortbow
 X - a +3 halberd of freezing (weapon)
 Z - the +0 halberd of Okawaru's Hope {chop, rN++}
   (Okawaru gifted it to you on level 8 of the Dungeon)

   It inflicts extra damage upon your enemies.
   It greatly protects you from negative energy.
Missiles
 n - 212 arrows
 Y - a tomahawk (quivered)
Armour
 b - a +0 helmet (worn)
 c - a +0 shield
 q - a +0 plate armour of poison resistance (worn)
 v - the +2 pair of gloves "Riqats" (worn) {rPois Regen+ Dex+3}
   (You found it on level 7 of the Dungeon)

   It affects your dexterity (+3).
   It protects you from poison.
   It increases your rate of regeneration.
 y - a +0 cloak (worn)
 L - a +0 centaur barding (worn)
Jewellery
 i - an uncursed ring of protection from cold
 s - a ring of positive energy (right hand)
 t - an uncursed ring of flight
 B - an amulet of the gourmand (around neck)
 E - an uncursed ring of protection from fire
 G - a +4 ring of protection (left hand)
Wands
 e - a wand of lightning (10/15)
 o - a wand of digging (16/24)
 J - a wand of iceblast (0/15)
 N - a wand of digging (8/24)
 S - a wand of flame (18/48)
 V - a wand of acid (8/15)
Scrolls
 h - 14 scrolls of teleportation
 F - a scroll of fog
 H - 4 scrolls of blinking
 T - a scroll of enchant weapon
 U - a scroll of enchant armour
 W - a scroll of remove curse
Potions
 d - 4 potions of might
 g - 2 potions of agility
 j - 6 potions of curing
 l - a potion of cancellation
 m - a potion of haste
 r - 3 potions of ambrosia
 u - a potion of degeneration {unknown}
 x - 2 potions of magic
 z - 2 potions of resistance
 D - 6 potions of heal wounds
 I - a potion of mutation {unknown}
 P - a potion of brilliance {unknown}
 Q - a potion of flight
Books
 k - a book of Maledictions

   Spells                             Type                      Level
   a - Corona                         Hexes                        1
   b - Ensorcelled Hibernation        Hexes/Ice                    2
   c - Confuse                        Hexes                        3
   d - Tukima's Dance                 Hexes                        3
   e - Dazzling Spray                 Conjuration/Hexes            3
 C - a book of Minor Magic

   Spells                             Type                      Level
   a - Magic Dart                     Conjuration                  1
   b - Blink                          Translocation                2
   c - Call Imp                       Summoning                    2
   d - Slow                           Hexes                        2
   e - Conjure Flame                  Conjuration/Fire             3
   f - Mephitic Cloud                 Conjuration/Poison/Air       3
 K - a book of Frost

   Spells                             Type                      Level
   a - Freeze                         Ice                          1
   b - Throw Frost                    Conjuration/Ice              2
   c - Ozocubu's Armour               Charms/Ice                   3
   d - Throw Icicle                   Conjuration/Ice              4
   e - Summon Ice Beast               Ice/Summoning                4
 M - a book of Air

   Spells                             Type                      Level
   a - Shock                          Conjuration/Air              1
   b - Swiftness                      Charms/Air                   2
   c - Static Discharge               Conjuration/Air              3
   d - Airstrike                      Air                          4
   e - Lightning Bolt                 Conjuration/Air              5
Comestibles
 a - 7 chunks of flesh
 f - 3 bread rations
 p - 8 meat rations
 A - 4 royal jellies


   Skills:
 + Level 9.4(14.4) Fighting
 * Level 11.6(16.6) Polearms
 - Level 1.0(6.0) Bows
 + Level 6.1(11.1) Armour
 - Level 2.2(7.2) Shields
 + Level 5.6 Evocations


You had 10 spell levels left.
You didn't know any spells.

Dungeon Overview and Level Annotations

Branches:
Dungeon (11/15)            Temple (1/1) D:4            Lair (0/6) D:8
    Orc: D:9-12

Altars:
Ashenzari
Cheibriados
Dithmenos
Elyvilon
Fedhas
Gozag
Hepliaklqana
Kikubaaqudgha
Makhleb
Nemelex Xobeh
Okawaru
Qazlal
Ru
Sif Muna
Trog
Uskayaw
Vehumet
Xom
Yredelemnul
Zin
The Shining One

Annotations:
D:11 Snorg


Innate Abilities, Weirdness & Mutations

You have hooves in place of feet.
Armour fits poorly on your strangely shaped body.
You cover ground very quickly.
You have extremely tough skin. (AC +3)


Message History

You barely miss Snorg. Your kick misses Snorg.
Snorg is lightly wounded.
Snorg completely misses you. Snorg barely misses you.
Snorg claws you but does no damage.
You completely miss Snorg.
Snorg is lightly wounded.
Snorg bites you but does no damage. Snorg claws you. x2
You closely miss Snorg.
Snorg is lightly wounded.
Snorg bites you!! Snorg claws you but does no damage. Snorg claws you.
You closely miss Snorg.
Snorg is lightly wounded.
Snorg bites you!!
* * * LOW HITPOINT WARNING * * *
Snorg claws you but does no damage. Snorg claws you!
* * * LOW HITPOINT WARNING * * *
You hit Snorg. You freeze Snorg.
Snorg is lightly wounded.
Snorg bites you!!
You die...

#.# #.# #.# #.#
.# #.# #(# .#
#.# #.# .#
######.# #.# .#
.......#####.#
T#
######.......#
.#
#.......#####.#
#..........@T.#
#.......#####[#
######.......#
...
.............#
.### #.#
######.......#
.# #.#####
#.......# .#
#.(....
#.......# .#
#.#####
#.......# .#
#.# #
#.#####...
#######.# #


You could see Snorg (berserk).

Vanquished Creatures
  The ghost of schorsch312 the Cleaver, a journeyman HOFi of Yredelemnul (D:11)
  3 death yaks (D:8)
  The ghost of Peloso the Slasher, a novice DsFi of Okawaru (D:6)
  An unseen horror (D:10)
  A kobold demonologist (D:11)
  3 hippogriffs
  A hornet (D:8)
  A wyvern (D:8)
  Menkaure (D:5)
  A water moccasin (D:8)
  An acid dragon (D:8)
  The ghost of smzp the Chiller, an amateur VSIE (D:3)
  A porcupine (D:8)
  4 ice beasts
  3 orc warriors
  3 phantoms
  3 sky beasts
  4 ogres
  2 necrophages
  7 centaurs
  3 big kobolds
  6 bullfrogs
  A gnoll sergeant (D:8)
  11 scorpions
  A water moccasin skeleton (D:8)
  6 killer bees (D:8)
  3 wights (D:8)
  4 crimson imps
  6 hounds
  3 human zombies (Ossuary)
  A quasit (D:10)
  A bullfrog zombie (D:10)
  2 centaur zombies
  2 gnoll shamans (D:8)
  3 jellies
  A centaur skeleton (D:9)
  6 orc priests
  10 orc wizards
  Jessica (D:2)
  3 hell rats (D:8)
  2 iguanas
  7 worker ants
  3 big kobold zombies (Ossuary)
  2 hound zombies
  3 mummies (Ossuary)
  2 howler monkey zombies
  3 worker ant zombies
  4 gnolls (D:8)
  13 adders
  A river rat (D:8)
  4 scorpion zombies (Ossuary)
  An ooze (D:2)
  4 worms
  3 leopard geckos
  35 orcs
  3 ball pythons
  A bat (D:3)
  8 giant cockroaches
  A gnoll zombie (Ossuary)
  6 goblins
  18 hobgoblins
  14 jackals
  23 kobolds
  9 quokkas
  3 frilled lizards
  3 goblin zombies (Ossuary)
  4 hobgoblin zombies (Ossuary)
  A jackal skeleton (D:6)
  3 kobold zombies (Ossuary)
  4 orc zombies (Ossuary)
  6 rats
  2 plants (D:8)
313 creatures vanquished.

Vanquished Creatures (others)
  A hound skeleton (D:4)
  11 plants
12 creatures vanquished.

Grand Total: 325 creatures vanquished

Notes
Turn   | Place    | Note
-------+----------+-------------------------------------------
     0 | D:1      | OneorTwo the Centaur Fighter began the quest for the Orb.
     0 | D:1      | Reached XP level 1. HP: 19/19 MP: 1/1
   250 | D:1      | Reached skill level 2 in Polearms
   339 | D:1      | Reached XP level 2. HP: 23/26 MP: 2/2
   911 | D:2      | Noticed Jessica
   919 | D:2      | Killed Jessica
   919 | D:2      | Reached XP level 3. HP: 31/31 MP: 3/3
   973 | D:2      | Reached skill level 3 in Polearms
  1115 | D:2      | Reached XP level 4. HP: 40/40 MP: 4/4
  1683 | D:2      | Found a glowing golden altar of the Shining One.
  1685 | D:2      | Found a bloodstained altar of Trog.
  2038 | D:3      | Noticed a centaur
  2046 | D:3      | Killed a centaur
  2046 | D:3      | Reached skill level 4 in Polearms
  2046 | D:3      | Reached XP level 5. HP: 21/47 MP: 5/5
  2337 | D:3      | Found a shattered altar of Ashenzari.
  2350 | D:3      | Saw a vision of the Swamp and the Spider Nest.
  2350 | D:3      | Noticed a redback
  2350 | D:3      | Noticed a redback
  2350 | D:3      | Noticed a redback
  2350 | D:3      | Noticed a redback
  2350 | D:3      | Noticed a redback
  2350 | D:3      | Noticed a water moccasin
  2350 | D:3      | Noticed a wolf spider
  2350 | D:3      | Noticed a wolf spider
  2350 | D:3      | Noticed a hornet
  2350 | D:3      | Noticed a redback
  2350 | D:3      | Noticed a water moccasin
  2351 | D:3      | Noticed a swamp drake
  2352 | D:3      | Noticed a wolf spider
  2596 | D:3      | Noticed smzp's ghost (amateur VSIE)
  3002 | D:3      | Killed smzp's ghost
  3002 | D:3      | Reached XP level 6. HP: 55/55 MP: 6/6
  3133 | D:3      | Reached skill level 5 in Polearms
  3825 | D:4      | Reached skill level 5 in Fighting
  4431 | D:4      | Found a staircase to the Ecumenical Temple.
  4440 | Temple   | Entered the Ecumenical Temple
  4454 | Temple   | Became a worshipper of Warmaster Okawaru
  4765 | D:4      | Reached XP level 7. HP: 46/61 MP: 7/7
  4784 | D:5      | Entered Level 5 of the Dungeon
  4875 | D:5      | Found an opulent altar of Gozag.
  4900 | D:5      | Found a blossoming altar of Fedhas.
  4959 | D:5      | Reached skill level 6 in Polearms
  5026 | D:5      | Reached * piety under Okawaru
  5362 | D:5      | Found a stormy altar of Qazlal.
  5662 | D:5      | Noticed Menkaure
  5669 | D:5      | Killed Menkaure
  5669 | D:5      | Reached skill level 7 in Polearms
  5669 | D:5      | Reached XP level 8. HP: 13/70 MP: 8/8
  6103 | D:5      | Found a snail-covered altar of Cheibriados.
  6314 | D:6      | Noticed Peloso's ghost (novice DsFi)
  6480 | D:6      | Killed Peloso's ghost
  6480 | D:6      | Reached ** piety under Okawaru
  6480 | D:6      | Reached skill level 8 in Polearms
  6723 | D:6      | Noticed a hand axe
  6724 | D:6      | Found a hide-covered altar of Uskayaw.
  6725 | D:6      | Noticed a hand axe
  7073 | D:6      | Reached XP level 9. HP: 77/79 MP: 9/9
  7853 | D:7      | Reached skill level 1 in Bows
  8030 | D:7      | Got a pair of smoking gloves
  8041 | D:7      | Identified the +2 pair of gloves "Riqats" {rPois Regen+ Dex+3} (You found it on level 7 of the Dungeon)
  8140 | D:7      | Found a flagged portal.
  8145 | Bailey   | Entered a bailey
  8361 | D:7      | Found a sand-covered staircase.
  8369 | Ossuary  | Entered an ossuary
  8398 | Ossuary  | Reached *** piety under Okawaru
  8398 | Ossuary  | Reached skill level 1 in Evocations
  8431 | Ossuary  | Reached skill level 9 in Polearms
  8836 | D:7      | Found a white marble altar of Elyvilon.
  9464 | D:8      | Reached **** piety under Okawaru
  9575 | D:8      | Reached XP level 10. HP: 82/88 MP: 12/12
  9681 | D:8      | Reached skill level 10 in Polearms
  9856 | D:8      | Reached skill level 5 in Armour
 10034 | D:8      | Noticed a death yak
 10035 | D:8      | Found a staircase to the Lair.
 10052 | D:8      | Killed a death yak
 10052 | D:8      | Reached ***** piety under Okawaru
 10061 | D:8      | Noticed a death yak
 10076 | D:8      | Noticed a death yak
 10077 | D:8      | Killed a death yak
 10087 | D:8      | Killed a death yak
 10367 | D:8      | Received a gift from Okawaru
 10370 | D:8      | Got an iridescent halberd {god gift}
 10371 | D:8      | Identified the +0 halberd of Okawaru's Hope {chop, rN++} (Okawaru gifted it to you on level 8 of the Dungeon)
 10634 | D:8      | Reached skill level 11 in Polearms
 10634 | D:8      | Reached XP level 11. HP: 97/97 MP: 14/14
 11414 | D:10     | Entered Level 10 of the Dungeon
 11502 | D:10     | Killed an unseen horror
 11502 | D:10     | Reached skill level 5 in Evocations
 12014 | D:11     | Noticed schorsch312's ghost (journeyman HOFi)
 12060 | D:11     | Killed schorsch312's ghost
 12094 | D:11     | Received a gift from Okawaru
 12136 | D:11     | Found a deep blue altar of Sif Muna.
 12461 | D:11     | Noticed Snorg
 12475 | D:11     | Slain by Snorg

Skill      XL: |  1  2  3  4  5  6  7  8  9 10 11 |
---------------+----------------------------------+-----
Polearms       | 2 3 4 5 7 8 9 11 | 11.6
Fighting       | 4 5 6 7 8 9 |  9.4
Armour         | 3 4 5 6 |  6.1
Bows           | 1 |  1.0
Evocations     | 2 4 5 |  5.6
Shields        | |  2.2

Action                   |  1- 3 |  4- 6 |  7- 9 | 10-12 || total
-------------------------+-------+-------+-------+-------++-------
Melee: Trident           |    65 |   216 |   226 |       ||   507
       Kick              |    15 |    41 |   128 |    71 ||   255
       Glaive            |       |       |   199 |   123 ||   322
       Halberd           |       |       |       |   190 ||   190
 Fire: Shortbow          |       |       |    20 |       ||    20
Throw: Tomahawk          |       |    16 |    54 |     7 ||    77
       Stone             |       |     1 |    10 |     8 ||    19
Invok: Heroism           |       |       |     3 |     5 ||     8
Evoke: Wand              |       |       |     9 |    14 ||    23
  Use: Scroll            |       |     9 |    11 |     6 ||    26
  Eat: Chunk             |       |    26 |    14 |     9 ||    49
Armor: Scale mail        |    16 |   102 |    85 |       ||   203
       Plate armour      |       |       |   123 |   277 ||   400
Dodge: Dodged            |     2 |     2 |    31 |    18 ||    53
Block: Shield            |    30 |    75 |    42 |       ||   147
